 Dungeon Crawl Stone Soup version 0.31-a0-876-gfe8ebadbca (webtiles) character file.

Game seed: 2458332424664652451

736 Jeffwins the Sneak (level 7, -19/58 HPs)
             Began as an Armataur Hedge Wizard on Oct 13, 2023.
             Demolished by an ogre
             ... wielding a +0 giant club
              (25 damage)
             ... on level 4 of the Dungeon.
             The game lasted 00:07:59 (3893 turns).

Jeffwins the Sneak (Armataur Hedge Wizard)          Turns: 3893, Time: 00:08:00

Health: -19/58     AC:  5    Str: 15    XL:     7   Next: 46%
Magic:  12/12      EV: 10    Int: 16    God:
Gold:   228        SH:  0    Dex: 10    Spells: 4/12 levels left

rFire   . . .        r - +1 dagger (venom)
rCold   . . .        (no shield)
rNeg    + . .        b - +0 robe
rPois   .            c - +0 hat
rElec   .            g - +0 cloak
rCorr   .            (no gloves)
SInv    .            (no barding)
Will    .....        (no amulet)
Stlth   ++           N - ring of positive energy
HPRegen 0.29/turn    (no ring)
MPRegen 0.13/turn

%: roll
@: attractive, very slightly contaminated
A: large, rugged brown scales 3, deformed body, armoured tail, roll, long
tongue, awkward tongue
a: no special abilities


You were on level 4 of the Dungeon.
You visited 2 branches of the dungeon, and saw 5 of its levels.

You collected 228 gold pieces.


Innate Abilities, Weirdness & Mutations

You are completely covered in rugged brown scales. (AC +3, +7% HP)
Armour fits poorly on your strangely shaped body.
You have a long armoured tail.
You roll when moving toward enemies. (Rampage)
Your long tongue fully drains potion bottles. (2x potion effects)
Your tongue gives you trouble enunciating. (1.5x scroll delay)


   Skills:
 + Level 2.1 Fighting
 + Level 1.0 Throwing
 + Level 2.3 Armour
 - Level 2.0 Dodging
 + Level 3.6 Stealth
 + Level 3.3 Spellcasting
 * Level 3.0 Conjurations
 * Level 2.5 Summonings
 + Level 2.0 Translocations
 * Level 2.1 Air Magic
 * Level 2.0 Poison Magic


You had 4 spell levels left.
You knew the following spells:

 Your Spells              Type           Power      Damage    Failure   Level
c - Call Imp              Summ           20%        N/A       10%         2
m - Mephitic Cloud        Conj/Pois/Air  10%        N/A       21%         3
z - Magic Dart            Conj           48%        1d5       5%          1
I - Blink                 Tloc           18%        N/A       12%         2

Your spell library contained the following spells:

 Spells                   Type           Power      Damage    Failure   Level
 Cigotuvi's Dreadful Rot  Necr/Pois/Air  14%        N/A       16%         2
 Slow                     Hex            8%         N/A       19%         1

Inventory:

Hand Weapons
 a - a +1 whip of draining
 i - a +3 quarterstaff of chaos
 k - a +2 scythe of flaming
 q - a +1 vampiric war axe
 r - a +1 dagger of venom (weapon)
Missiles
 o - 4 datura-tipped darts (quivered)
Armour
 b - a +0 robe (worn)
 c - a +0 hat (worn)
 g - a +0 cloak (worn)
 n - a +1 chain mail of poison resistance
Jewellery
 G - an amulet of guardian spirit
 N - a ring of positive energy (left hand)
Scrolls
 e - a scroll of amnesia {unknown}
 f - a scroll of brand weapon {unknown}
 h - a scroll of enchant weapon {unknown}
 j - a scroll of immolation {unknown}
 m - a scroll of revelation {unknown}
 p - a scroll of teleportation {unknown}

Dungeon Overview and Level Annotations

Branches:
Dungeon (4/15)             Temple (1/1) D:4

Altars:
Ashenzari
Cheibriados
Dithmenos
Elyvilon
Fedhas
Gozag
Kikubaaqudgha
Makhleb
Okawaru
Qazlal
Ru
Sif Muna
Uskayaw
Wu Jian
Yredelemnul
The Shining One

Shops:
D:2

= ░░░ ... ▒...▒
...▒▒....░
▒.▒▒.....
▒.▒▒.....░
▒.▒..o...
▒.▒......░
▒.†......
▒.).....░░ ▒)▒
▒.▒....░░ ▒▒)▒▒
▒▒.▒▒░░░░ ▒▒.5.▒▒
▒▒...▒▒
▒..†.O▒▒▒▒▒.....▒
▒..8..@......8..▒
▒..°..▒▒▒▒▒.....▒
▒▒$..▒▒ ▒▒...▒▒
▒▒▒▒▒ ▒▒▒▒▒


You could see an ogre (ally target) and a friendly cerulean imp (summoned).


Message History

You kill the orc!
Your cerulean imp hits the ogre but does no damage.
Casting: Magic Dart (safe; 5% risk of failure)
Confirm with . or Enter, or press ? or * to list all spells.
Aiming: Mephitic Cloud (dangerous; 21% risk of failure)
Press: ? - help, Shift-Dir - straight line The ball explodes into a vile cloud!
The stinking cloud engulfs the ogre but does no damage.
The ogre hits you with a +0 giant club!!
* * * LOW HITPOINT WARNING * * *
Your cerulean imp closely misses the ogre.
Casting: Mephitic Cloud (dangerous; 21% risk of failure)
Confirm with . or Enter, or press ? or * to list all spells.
Aiming: Mephitic Cloud (dangerous; 21% risk of failure)
Press: ? - help, Shift-Dir - straight line You miscast Mephitic Cloud.
You are very lightly contaminated with residual magic.
Nothing appears to happen.
Your cerulean imp hits the ogre from afar with a -3 spear.
The ogre hits you with a +0 giant club!!
* * * LOW HITPOINT WARNING * * *
It was a potion of attraction.
You feel attractive to monsters.
You slurp down every last drop of the potion of attraction!
Your cerulean imp closely misses the ogre.
Unknown command.
Magic courses through your body.
You slurp down every last drop of the potion of magic!
The ogre hits you with a +0 giant club!!
You die...

Skill      XL: |  1  2  3  4  5  6  7 |
---------------+----------------------+-----
Conjurations   | 1 2 3 |  3.0
Summonings     | 1 2 |  2.5
Fighting       | 1 2 |  2.1
Armour         | 1 2 |  2.3
Stealth        | 3 |  3.6
Spellcasting   | 3 |  3.3
Air Magic      | 1 2 |  2.1
Poison Magic   | 1 2 |  2.0
Dodging        | 2 |  2.0
Translocations | 2 |  2.0
Throwing       | 1 |  1.0

Action                     |  1- 3 |  4- 6 |  7- 9 || total
---------------------------+-------+-------+-------++-------
  Melee: Dagger            |    10 |       |     7 ||    17
         Long sword        |    66 |       |       ||    66
         Tailslap          |    14 |    11 |     4 ||    29
         Punch             |     1 |       |     1 ||     2
         Whip              |    40 |   120 |    25 ||   185
         Halberd           |       |     4 |       ||     4
  Throw: Dart              |       |       |     1 ||     1
   Cast: Magic Dart        |    23 |    47 |    31 ||   101
         Call Imp          |       |     6 |     3 ||     9
         Mephitic Cloud    |       |     1 |     2 ||     3
    Use: Potion            |       |     2 |     2 ||     4
   Stab: Sleeping          |     5 |     5 |       ||    10
         Distracted        |       |       |     1 ||     1
 Armour: Robe              |    98 |    87 |    28 ||   213
  Dodge: Dodged            |    72 |    51 |    14 ||   137

Levels and vault maps discovered:
D:1:      onia_arrival_handbag, layout_basic, chequers_serial_rivers_micro_b
D:2:      layout_basic, serial_shops, nicolae_shop_peninsula, uniq_jessica,
          uniq_sigmund
D:3:      layout_loops_ring, tso_metal_star, jmf_multi_god_temple2,
          hellmonk_ecumenical_altar_inner_sanctum, minmay_goblin_outpost,
          uniq_crazy_yiuf_cottage
D:4:      minmay_octagon_keep, layout_cave_pools, temple_green, uniq_natasha
Temple:   oiseaux_autumnal_temple

Notes
Turn   | Place    | Note
-------+----------+-------------------------------------------
     0 | D:1      | Jeffwins the Armataur Hedge Wizard began the quest for the
                  | Orb.
     0 | D:1      | Reached XP level 1. HP: 14/14 MP: 4/4
    28 | D:1      | Reached skill level 1 in Conjurations
    66 | D:1      | Reached skill level 1 in Summonings
    78 | D:1      | Reached XP level 2. HP: 19/21 MP: 3/5
   341 | D:1      | Reached XP level 3. HP: 19/28 MP: 7/7
   627 | D:1      | Reached skill level 1 in Fighting
   993 | D:2      | Noticed Jessica
  1003 | D:2      | Killed Jessica
  1004 | D:2      | Reached skill level 1 in Armour
  1004 | D:2      | Reached XP level 4. HP: 35/37 MP: 8/8
  1023 | D:2      | Noticed Sigmund
  1028 | D:2      | Learned a level 2 spell: Call Imp
  1032 | D:2      | Learned a level 3 spell: Mephitic Cloud
  1035 | D:2      | Learned a level 2 spell: Blink
  1104 | D:2      | Killed Sigmund
  1105 | D:2      | Reached skill level 3 in Stealth
  1105 | D:2      | Reached skill level 3 in Spellcasting
  1105 | D:2      | Reached skill level 2 in Conjurations
  1105 | D:2      | Reached skill level 2 in Summonings
  1105 | D:2      | Reached skill level 1 in Air Magic
  1105 | D:2      | Reached skill level 1 in Poison Magic
  1105 | D:2      | Reached XP level 5. HP: 30/42 MP: 6/9
  1691 | D:2      | Found Kepleu's Jewellery Shop.
  1856 | D:3      | Reached XP level 6. HP: 39/50 MP: 1/10
  2183 | D:3      | Found a glowing golden altar of the Shining One.
  2554 | D:3      | Found a large runed translucent door.
  2555 | D:3      | Found a large runed translucent door.
  2649 | D:3      | Reached skill level 2 in Dodging
  2666 | D:3      | Reached skill level 2 in Armour
  2744 | D:3      | Found a faded altar of an unknown god.
  2860 | D:3      | Found a runed translucent door.
  2861 | D:3      | Noticed Crazy Yiuf
  2942 | D:3      | Found an iron altar of Okawaru.
  2947 | D:3      | Found a burning altar of Makhleb.
  3024 | D:3      | Killed Crazy Yiuf
  3259 | D:4      | Reached XP level 7. HP: 56/56 MP: 3/11
  3516 | D:4      | Found a staircase to the Ecumenical Temple.
  3577 | Temple   | Entered the Ecumenical Temple
  3644 | D:4      | Reached skill level 2 in Fighting
  3715 | D:4      | Reached skill level 2 in Air Magic
  3715 | D:4      | Reached skill level 2 in Poison Magic
  3855 | D:4      | Reached skill level 3 in Conjurations
  3855 | D:4      | Reached skill level 2 in Translocations
  3876 | D:4      | Reached skill level 1 in Throwing
  3893 | D:4      | Demolished by an ogre

Vanquished Creatures
  Sigmund (D:2)
  An ogre (D:4)
  A phantom (D:3)
  A scorpion (D:4)
  A howler monkey (D:3)
  A jelly (D:4)
  Jessica (D:2)
  2 orc wizards (D:3)
  A sleepcap (D:4)
  An iguana (D:4)
  A gnoll (D:1)
  An adder (D:4)
  2 worms
  3 dart slugs
  9 orcs
  6 ball pythons
  4 bats
  5 endoplasms
  2 giant cockroaches (D:3)
  15 goblins
  9 hobgoblins
  7 jackals (D:1)
  12 kobolds
  4 quokkas
  4 frilled lizards
  5 rats
100 creatures vanquished.

Vanquished Creatures (collateral kills)
  Crazy Yiuf (D:3)
  An orc (D:4)
  A hobgoblin (D:4)
3 creatures vanquished.

Vanquished Creatures (others)
  A goblin (D:4)
1 creature vanquished.

Grand Total: 104 creatures vanquished

Table legend: (Time is in decaauts)
 A = Elapsed time spent in this place.
 B = Non-inter-level travel time spent in this place.
 C = Inter-level travel time spent in this place.
 D = Time resting spent in this place.
 E = Time spent auto-exploring this place.
 F = Levels seen in this place.
 G = Mean time per level.
                   A        B        C        D        E       F      G
               +--------+--------+--------+--------+--------+-----+--------+
         Total |   3937 |   3852 |     85 |     25 |   2971 |   5 |  787.4 |
       Dungeon |   3935 |   3850 |     85 |     25 |   2971 |   4 |  983.8 |
        Temple |      1 |      1 |      0 |      0 |      0 |   1 |    1.0 |
               +--------+--------+--------+--------+--------+-----+--------+

Top non-repeatable levels by time:
     D:3: 1357 daAuts
     D:2: 972 daAuts
     D:1: 848 daAuts
     D:4: 757 daAuts
  Temple: 1 daAuts

Table legend:
 A = Non-vault XP
 B = Vault XP
 C = Vault XP percentage of total XP
 D = Non-vault monster count
 E = Vault monster count
 F = Vault count percentage of total count
                 A         B        C        D         E       F
            +---------+---------+-------+---------+---------+-------
      Total |     538 |     514 |  48.9 |      76 |      28 |  26.9
            +---------+---------+-------+---------+---------+-------
        D:1 |      67 |       5 |   6.9 |      31 |       4 |  11.4
        D:2 |      25 |     268 |  91.5 |      11 |       2 |  15.4
        D:3 |     267 |      52 |  16.3 |      24 |      10 |  29.4
        D:4 |     179 |     189 |  51.4 |      10 |      12 |  54.5
            +---------+---------+-------+---------+---------+-------
